 Dungeon Crawl Stone Soup version 0.18-a0-1468-gaf180a1 (webtiles) character file.

93 namelastname112 the Insei (level 4, 0/38 HPs)
             Began as a Draconian Monk on Mar 1, 2016.
             Killed from afar by an orc wizard (6 damage)
             ... with a puff of flame
             ... on level 2 of the Dungeon.
             The game lasted 00:03:05 (1759 turns).

namelastname112 the Insei (Draconian Monk)          Turns: 1759, Time: 00:03:06

Health: 0/38       AC:  5    Str: 14    XL:     4   Next: 36%
Magic:  4/4        EV: 13    Int: 10    God:
Gold:   84         SH:  0    Dex: 14    Spells: 0 memorised, 3 levels left

rFire  . . .     SeeInvis .     j - +2 dagger (elec)
rCold  . . .     Gourm    .     (armour unavailable)
rNeg   . . .     Faith    .     (no shield)
rPois  .         Spirit   .     (helmet restricted)
rElec  .         Dismiss  .     (no cloak)
rCorr  .         Reflect  .     (no gloves)
SustAt .         Harm     .     (no boots)
MR     .....                    (no amulet)
Stlth  +++.......               (no ring)
                                m - ring of stealth

@: not resistant to hostile enchantments, fairly stealthy
A: unfitting armour, cold-blooded, AC +5
a: no special abilities


You were on level 2 of the Dungeon.
You were not hungry.

You visited 1 branch of the dungeon, and saw 3 of its levels.

You collected 84 gold pieces.

Inventory:

Hand Weapons
 j - a +2 dagger of electrocution (weapon)
Jewellery
 m - a ring of stealth (left hand)
Scrolls
 b - a scroll of identify {unknown}
 c - 3 scrolls of remove curse {unknown}
 d - a scroll of random uselessness {unknown}
 f - a scroll of magic mapping {unknown}
 h - 2 scrolls of blinking {unknown}
 i - 3 scrolls of amnesia {unknown}
 l - a scroll of enchant weapon {unknown}
 n - a scroll of teleportation {unknown}
Potions
 e - 2 potions of might {unknown}
 g - 3 potions of curing {unknown}
 k - 2 potions of lignification {unknown}
 p - a potion of flight {unknown}
Comestibles
 a - a bread ration


   Skills:
 - Level 3.2 Fighting
 - Level 2.6 Dodging
 - Level 1.7 Stealth
 + Level 5.9 Unarmed Combat


You had 3 spell levels left.
You didn't know any spells.

Dungeon Overview and Level Annotations

Branches:
Dungeon (3/15)

Altars:
Elyvilon


Innate Abilities, Weirdness & Mutations

Your plain brown scales are hard (AC +5).
Your body does not fit into most forms of armour.
You are cold-blooded and may be slowed by cold attacks.


Message History

You barely miss the orc wizard.
The orc wizard is moderately wounded.
The orc wizard casts a spell at you. The puff of frost hits you!
The orc wizard hits you but does no damage. x2
You closely miss the orc wizard.
The orc wizard is moderately wounded.
The orc wizard hits you with a dagger. x2
You barely miss the orc wizard.
The orc wizard is moderately wounded.
The orc wizard hits you with a dagger. x2
The orc wizard gestures at you while chanting.
The puff of flame hits you!
* * * LOW HITPOINT WARNING * * *
The orc wizard casts a spell.
The orc wizard flickers and vanishes!
Deactivating autopickup; reactivate with Ctrl-A.
The orc wizard casts a spell at you. The puff of flame hits you!
You die...

#...#.......# #...........#####
#.............).#
#...####.######.# ## #...# #.##
#.# ###. #####
#..#####.#############...
#.......{................
##....o>.)...##.......>##
##########....##@#..####....####
..........[.####.#..........###
...#######..####.#............#
.........#....##.#..........#.#
...#####...........#.##....##.##
...# ###.##....###.##.#..##..#
...# ####..............##..##.#
#######......##.#.......##..##.#
.#......###..##.##.....>###..#.#


You could see an orc wizard.

Vanquished Creatures
  Terence (D:2)
  Robin (D:2)
  An adder (D:2)
  An ooze (D:1)
  2 giant geckos
  An orc (D:3)
  3 giant cockroaches
  4 hobgoblins
  A quokka (D:2)
  2 bats
  4 giant newts
  9 goblins
  A kobold (D:1)
  13 rats
44 creatures vanquished.

Notes
Turn   | Place    | Note
--------------------------------------------------------------
     0 | D:1      | namelastname112 the Draconian Monk began the quest for the Orb.
     0 | D:1      | Reached XP level 1. HP: 19/19 MP: 1/1
   165 | D:1      | Reached XP level 2. HP: 20/26 MP: 2/2
   944 | D:2      | Noticed Robin
   965 | D:2      | Reached skill level 5 in Unarmed Combat
   965 | D:2      | Reached XP level 3. HP: 17/31 MP: 3/3
  1266 | D:2      | Killed Robin
  1357 | D:2      | Noticed Terence
  1367 | D:2      | Killed Terence
  1367 | D:2      | Reached XP level 4. HP: 35/38 MP: 4/4
  1572 | D:2      | Found a white marble altar of Elyvilon.
  1759 | D:2      | Killed from afar by an orc wizard

Vault maps used:
D:1:      onia_arrival_larder
D:2:      elyvilon_altar_3, hangedman_decor_push, uniq_terence, uniq_robin

Skill      XL: |  1  2 |
---------------+-------+-----
Unarmed Combat | 5 |  5.9
Fighting       | |  3.2
Dodging        | |  2.6
Stealth        | |  1.7

Action                   |  1- 3 |  4- 6 || total
-------------------------+-------+-------++-------
Melee: Unarmed           |    81 |       ||    81
       Dagger            |    14 |    23 ||    37
 Stab: Sleeping          |     5 |     5 ||    10
  Eat: Chunk             |     1 |     2 ||     3
